 Dungeon Sprint DCSS version 0.27-a0-156-gbcd94eb011 (webtiles) character file.

Game seed: 1004745991193069570

1788 mhtbhm the Martial Artist (level 9, -11/70 (73) HPs)
             Began as an Octopode Transmuter on Jan 28, 2021.
             Was a High Priest of Sif Muna.
             Killed from afar by Josephine (23 damage)
             ... with a ghostly fireball
             ... in the Dungeon (Sprint VII: "The Pits").
             The game lasted 00:05:55 (1219 turns).

mhtbhm the Martial Artist (Octopode Transmuter)     Turns: 1219, Time: 00:05:55

HP:   -11/70 (73)   AC:  6    Str: 12    XL:     9   Next: 8%
MP:   14/19         EV: 14    Int: 16    God:    Sif Muna [*****.]
Gold: 0             SH:  0    Dex: 12    Spells: 6/21 levels left

rFire    x . .     SeeInvis .     - Unarmed
rCold    + + +     Faith    .   (shield currently unavailable)
rNeg     . . .     Spirit   .   (helmet currently unavailable)
rPois    +         Reflect  .   (no amulet)
rElec    .         Harm     .   (no ring)
rCorr    .         Rampage  .   (no ring)
Will     .....     NoTele   +   (no ring)
Stlth    +++.......             (no ring)
HPRegen  0.21/turn              (no ring)
MPRegen  0.16/turn              (no ring)
                                (no ring)
                                (no ring)

@: ice-form, wereblooded (expiring), lightly drained
A: large, almost no armour, stealthy swim, amphibious, 8 rings, (constrict 8)
a: End Transformation, Renounce Religion, Channel Magic, Forget Spell, Divine
Exegesis


You were in the Dungeon.
You worshipped Sif Muna.
Sif Muna was extremely pleased with you.
You were a creature of crystalline ice.
You visited 1 branch

Inventory:

Wands
 k - a wand of random effects (21)
Scrolls
 g - a scroll of blinking
 h - 3 scrolls of remove curse
 i - 5 scrolls of amnesia
 j - a scroll of summoning
Potions
 a - 2 potions of invisibility
 c - 5 potions of curing
 d - a potion of haste
 e - 4 potions of magic
 f - 3 potions of berserk rage


   Skills:
 + Level 5.2 Fighting
 + Level 8.0 Dodging
 + Level 5.7 Stealth
 + Level 13.3 Unarmed Combat
 + Level 6.8 Spellcasting
 + Level 7.9 Transmutations
 + Level 1.0 Ice Magic
 + Level 0.4 Poison Magic
 + Level 0.2 Evocations


You had 6 spell levels left.
You knew the following spells:

 Your Spells              Type           Power        Failure   Level
a - Beastly Appendage     Tmut           62%          1%          1
b - Wereblood             Tmut           31%          1%          2
c - Spider Form           Tmut/Pois      9%           7%          3
d - Ice Form              Ice/Tmut       19%          21%         4
e - Blade Hands           Tmut           15%          13%         5

Your spell library contained the following spells:

 Spells                   Type           Power        Failure   Level
 Ignite Poison            Fire/Tmut/Pois 14%          12%         3
 Sublimation of Blood     Necr           2%           19%         2
 Petrify                  Tmut/Erth      18%          24%         4
 Alistair's Intoxication  Tmut/Pois      12%          52%         5
 Irradiate                Conj/Tmut      9%           56%         5
 Eringya's Noxious Bog    Tmut/Pois      9%           98%         6


Dungeon Overview and Level Annotations

Branches:
Dungeon (1/1)

Altars:
Ashenzari
Cheibriados
Dithmenos
Elyvilon
Fedhas
Gozag
Hepliaklqana
Kikubaaqudgha
Makhleb
Nemelex Xobeh
Okawaru
Qazlal
Ru
Sif Muna
Trog
Uskayaw
Vehumet
Wu Jian
Xom
Yredelemnul
Zin
The Shining One
Beogh
Jiyva
Lugonu

Annotations:
D Josephine


Innate Abilities, Weirdness & Mutations

You cannot wear most types of armour.
You are very stealthy in the water. (Stealth+)
You are amphibious.
You can wear up to eight rings at the same time.
((You can use your tentacles to constrict eight enemies at once.))
((Your skin changes colour to match your surroundings (Stealth+).))
((Your rubbery body absorbs attacks. (AC +1, EV +1)))


Message History

Josephine hits you with a +0 dagger.
* * * LOW HITPOINT WARNING * * *
Unknown command.
You feel much better. Josephine hits you with a +0 dagger!
* * * LOW HITPOINT WARNING * * *
The kobold demonologist gestures wildly while chanting.
Josephine hits you with a +0 dagger.
* * * LOW HITPOINT WARNING * * *
You barely miss Josephine.
Josephine is heavily wounded.
You feel yourself speed up. Josephine hits you with a +0 dagger.
* * * LOW HITPOINT WARNING * * *
You hit Josephine. You freeze Josephine.
Josephine is heavily wounded.
Your primal bloodlust is almost over.
Josephine points at you and mumbles some strange words.
The ghostly flame explodes!
The ghostly fireball engulfs you!!
You feel drained.
You die...

#.#..#..#))##.......#
#.#..#..#..##.......#
#.##)#..#'###...<...#
#[#........##.......#
#[#........##.......#
#'###########.......#
#.......#(†##########
#...#...#.## ###
#...#...#Y# ...#
#.##.##.#@#....#
#...#...#WK.5..+
#...#...#4#5...#
#.......')#....#
########### ####


You could see Josephine, an orange demon (summoned), a kobold demonologist, a
wraith and a shadow imp (summoned).

Vanquished Creatures
  Urug (D)
  2 wraiths (D)
  2 fire bats (D)
  2 water moccasins (D)
  An ice beast (D)
  A centaur (D)
  A big kobold (D)
  2 orc wizards (D)
  Crazy Yiuf (D)
  2 worker ants (D)
  An adder (D)
  A gnoll (D)
  2 river rats (D)
  An ooze (D)
  A leopard gecko (D)
  2 orcs (D)
  A bat (D)
  A bat skeleton (D)
  A quokka (D)
  A goblin (D)
27 creatures vanquished.

Notes
Turn   | Place    | Note
-------+----------+-------------------------------------------
     0 | D        | mhtbhm the Octopode Transmuter began the quest for the Orb.
     0 | D        | Reached XP level 1. HP: 13/13 MP: 3/3
    21 | D        | Found a bloodstained altar of Trog.
    21 | D        | Found a shimmering blue altar of Sif Muna.
    21 | D        | Found a viscous altar of Jiyva.
    21 | D        | Found a hazy altar of Hepliaklqana.
    21 | D        | Found an opulent altar of Gozag.
    22 | D        | Found a glowing golden altar of the Shining One.
    22 | D        | Found a glowing silver altar of Zin.
    22 | D        | Found a basalt altar of Yredelemnul.
    22 | D        | Found a shimmering altar of Xom.
    22 | D        | Found an ornate altar of the Wu Jian Council.
    22 | D        | Found a sacrificial altar of Ru.
    22 | D        | Found a stormy altar of Qazlal.
    22 | D        | Found an iron altar of Okawaru.
    22 | D        | Found a sparkling altar of Nemelex Xobeh.
    22 | D        | Found a burning altar of Makhleb.
    22 | D        | Found a blossoming altar of Fedhas.
    22 | D        | Found a white marble altar of Elyvilon.
    22 | D        | Found a shadowy altar of Dithmenos.
    22 | D        | Found a snail-covered altar of Cheibriados.
    25 | D        | Found a corrupted altar of Lugonu.
    25 | D        | Found a radiant altar of Vehumet.
    25 | D        | Found a roughly hewn altar of Beogh.
    26 | D        | Found an ancient bone altar of Kikubaaqudgha.
    26 | D        | Found a hide-covered altar of Uskayaw.
    26 | D        | Found a broken altar of Ashenzari.
    27 | D        | Became a worshipper of Sif Muna the Loreminder
   240 | D        | Reached skill level 4 in Unarmed Combat
   240 | D        | Reached XP level 2. HP: 14/18 MP: 3/5
   243 | D        | Reached skill level 5 in Unarmed Combat
   243 | D        | Reached XP level 3. HP: 18/23 MP: 4/7
   311 | D        | Reached * piety under Sif Muna
   320 | D        | Reached skill level 6 in Unarmed Combat
   321 | D        | Reached XP level 4. HP: 22/28 MP: 8/8
   326 | D        | Learned a level 2 spell: Wereblood
   330 | D        | Learned a level 3 spell: Spider Form
   490 | D        | Noticed a water moccasin
   504 | D        | Reached ** piety under Sif Muna
   505 | D        | Killed a water moccasin
   506 | D        | Reached skill level 1 in Stealth
   506 | D        | Reached skill level 8 in Unarmed Combat
   506 | D        | Reached XP level 5. HP: 26/34 MP: 5/11
   808 | D        | Learned a level 4 spell: Ice Form
   811 | D        | Noticed a big kobold
   811 | D        | Noticed an ice beast
   811 | D        | Noticed a fire bat
   811 | D        | Noticed a water moccasin
   811 | D        | Noticed Crazy Yiuf
   817 | D        | Killed a fire bat
   818 | D        | Reached skill level 5 in Dodging
   818 | D        | Reached skill level 9 in Unarmed Combat
   818 | D        | Reached skill level 5 in Transmutations
   818 | D        | Reached XP level 6. HP: 41/41 MP: 6/13
   821 | D        | Reached *** piety under Sif Muna
   822 | D        | Reached skill level 10 in Unarmed Combat
   822 | D        | Reached skill level 5 in Spellcasting
   828 | D        | Killed an ice beast
   829 | D        | Reached XP level 7. HP: 43/46 MP: 7/15
   835 | D        | Reached skill level 11 in Unarmed Combat
   836 | D        | Killed Crazy Yiuf
   836 | D        | Reached **** piety under Sif Muna
  1073 | D        | Learned a level 5 spell: Blade Hands
  1074 | D        | Noticed Urug
  1080 | D        | Killed Urug
  1081 | D        | Reached skill level 12 in Unarmed Combat
  1081 | D        | Reached XP level 8. HP: 54/54 MP: 11/17
  1084 | D        | Reached ***** piety under Sif Muna
  1086 | D        | Received a gift from Sif Muna
  1198 | D        | Noticed Josephine
  1198 | D        | Noticed a wraith
  1198 | D        | Noticed a wraith
  1198 | D        | Noticed a wraith
  1198 | D        | Noticed a wraith
  1198 | D        | Noticed a kobold demonologist
  1199 | D        | Noticed a wraith
  1202 | D        | Reached skill level 5 in Fighting
  1202 | D        | Reached skill level 5 in Stealth
  1208 | D        | Killed a wraith
  1209 | D        | Reached skill level 13 in Unarmed Combat
  1209 | D        | Reached skill level 1 in Ice Magic
  1211 | D        | Killed a wraith
  1212 | D        | Reached XP level 9. HP: 9/61 MP: 13/19
  1214 | D        | Noticed a hellwing
  1218 | D        | Noticed an orange demon
  1219 | D        | Killed from afar by Josephine

Illustrated notes

Levels and vault maps discovered:
D:        pitsprint [storerooms_1, entrance_room_1, metal_vault_2, armoury_2,
          mini_pit_1, grid_room_1, main_hall_1, silver_pit, the_coven_1,
          the_vestibule_1, steel_vault_1, golden_pit, hallway_of_sentries,
          crystal_vault_5, iron_vault_2, final_vault]

Skill      XL: |  1  2  3  4  5  6  7  8 |
---------------+-------------------------+-----
Unarmed Combat | 4 5 6 8 9 10 12 13 | 13.3
Transmutations | 3 4 5 6 7 |  7.9
Dodging        | 3 4 5 6 7 8 |  8.0
Spellcasting   | 3 4 5 6 |  6.8
Fighting       | 2 3 4 5 |  5.2
Stealth        | 1 2 4 5 |  5.7
Ice Magic      | 1 |  1.0
Poison Magic   | |  0.4
Evocations     | |  0.2

Action                   |  1- 3 |  4- 6 |  7- 9 || total
-------------------------+-------+-------+-------++-------
Melee: Unarmed           |    25 |    31 |    39 ||    95
       Tentacles         |     6 |     2 |     3 ||    11
       Constrict         |     5 |     3 |     3 ||    11
       Punch             |     2 |     1 |     1 ||     4
       Kick              |     3 |       |       ||     3
 Cast: Beastly Appendage |     1 |       |       ||     1
       Wereblood         |       |     2 |     1 ||     3
       Spider Form       |       |     1 |       ||     1
       Ice Form          |       |     1 |     1 ||     2
       Blade Hands       |       |       |     1 ||     1
Evoke: Wand              |       |       |     1 ||     1
  Use: Potion            |     1 |     2 |     4 ||     7
 Stab: Sleeping          |       |       |     2 ||     2
Armor: Skin              |     2 |     5 |     3 ||    10
Dodge: Dodged            |    21 |    30 |    13 ||    64

Table legend: (Time is in decaauts)
 A = Elapsed time spent in this place.
 B = Non-inter-level travel time spent in this place.
 C = Inter-level travel time spent in this place.
 D = Time resting spent in this place.
 E = Time spent auto-exploring this place.
 F = Levels seen in this place.
 G = Mean time per level.
                   A        B        C        D        E       F      G
               +--------+--------+--------+--------+--------+-----+--------+
         Total |   1208 |   1208 |      0 |    912 |     25 |   1 | 1208.0 |
       Dungeon |   1208 |   1208 |      0 |    912 |     25 |   1 | 1208.0 |
               +--------+--------+--------+--------+--------+-----+--------+

Top non-repeatable levels by time:
       D: 1208 daAuts
